 Dungeon Crawl Stone Soup version 0.21-a0-283-g622b906 (webtiles) character file.

120316 tidbits the Martial Artist (level 15, 30/140 HPs)
             Began as a Demigod Transmuter on Sept 24, 2017.
             Quit the game on level 3 of the Spider Nest.
             The game lasted 02:48:20 (15534 turns).

tidbits the Martial Artist (Demigod Transmuter)    Turns: 15534, Time: 02:48:20

Health: 30/140     AC: 14    Str: 13    XL:     15   Next: 82%
Magic:  4/28       EV: 19    Int: 25    God:
Gold:   136        SH:  5    Dex: 18    Spells: 6/26 levels left

rFire    . . .     SeeInvis +   a - 10 bread rations
rCold    + . .     Gourm    .   D - +0 buckler
rNeg     . . .     Faith    .   B - +2 troll leather armour
rPois    .         Spirit   +   E - +2 helmet
rElec    .         Reflect  .   t - scarf {Spirit}
rCorr    .         Harm     .   (no gloves)
MR       +....                  F - +1 pair of boots
Stlth    ++++......             S - amulet of rage
HPRegen  0.73/turn              I - ring of see invisible
MPRegen  0.21/turn              U - +3 ring of protection

@: studying Stealth
A: cold resistance 1, high mp 1, robust 1
a: Evoke Berserk Rage


You were on level 3 of the Spider Nest.
You were not hungry.

You visited 5 branches of the dungeon, and saw 28 of its levels.
You also visited: Labyrinth and Volcano.

You collected 2255 gold pieces.
You spent 2119 gold pieces at shops.

Inventory:

Hand Weapons
 c - the +7 short sword of Prudence {pierce, rF- Str+6 Int+5}
   (You found it on level 4 of the Dungeon)

   It inflicts extra damage upon your enemies.
   It affects your strength (+6).
   It affects your intelligence (+5).
   It makes you vulnerable to fire.
 s - a +0 scythe
Missiles
 w - 13 tomahawks (quivered)
 y - 8 tomahawks of dispersal {!f}
Armour
 t - a scarf of spirit shield (worn)
   (You found it on level 14 of the Dungeon)
 B - a +2 troll leather armour (worn)
 D - a +0 buckler (worn)
 E - a +2 helmet (worn)
 F - a +1 pair of boots (worn)
Jewellery
 H - the ring of the Hippo {Ice rN++ Dex+3}
   (You found it in a labyrinth)

   [ring of ice]

   It enhances your ice magic.
   It affects your dexterity (+3).
   It makes you vulnerable to fire.
   It protects you from cold.
   It greatly protects you from negative energy.
 I - a ring of see invisible (left hand)
   (You found it on level 1 of the Dungeon)
 S - an amulet of rage (around neck)
   (You bought it in a shop on level 2 of the Orcish Mines)
 U - a +3 ring of protection (right hand)
   (You found it on level 10 of the Dungeon)
 V - a +3 ring of evasion
   (You bought it in a shop on level 2 of the Orcish Mines)
 W - an uncursed ring of protection from fire
   (You found it on level 13 of the Dungeon)
Wands
 d - a wand of digging (3/24)
 g - a wand of flame (36/48)
 k - a wand of scattershot (4/9)
 o - a wand of lightning (2/15)
 J - a wand of clouds (2/9)
 M - a wand of acid (4/15)
 Q - a wand of polymorph (7/24)
 X - a wand of paralysis (18/24)
 Z - a wand of clouds (2/9)
Scrolls
 h - 6 scrolls of blinking
 j - 6 scrolls of fog
 r - 7 scrolls of remove curse
 v - 6 scrolls of fear
 z - a scroll of amnesia
 A - 5 scrolls of immolation
 C - 3 scrolls of teleportation
 N - 4 scrolls of recharging
 O - a scroll of enchant weapon
 P - a scroll of summoning
 T - a scroll of holy word {unknown}
Potions
 b - 2 potions of agility
 f - a potion of brilliance {unknown}
 l - a potion of resistance
 n - a potion of haste
 p - a potion of berserk rage
 u - a potion of heal wounds
 x - 4 potions of might
 G - 2 potions of ambrosia
 R - 2 potions of lignification
Books
 e - a manual of Stealth
   (You found it on level 2 of the Spider Nest)
Miscellaneous
 q - a box of beasts
 K - a lamp of fire
Comestibles
 a - 10 bread rations (in hand)


   Skills:
 - Level 10.4 Fighting
 - Level 10.4 Dodging
 + Level 9.8 Stealth
 - Level 4.0 Shields
 - Level 13.0 Unarmed Combat
 - Level 6.3 Spellcasting
 - Level 3.8 Necromancy
 + Level 11.5 Transmutations
 + Level 11.1 Earth Magic
 - Level 5.0 Evocations


You had 6 spell levels left.
You knew the following spells:

 Your Spells              Type           Power        Failure   Level  Hunger
a - Apportation           Tloc           #.....       9%          1    None
h - Blade Hands           Tmut           ######....   2%          5    #####..
k - Sticks to Snakes      Tmut           ######..     1%          2    None
n - Animate Skeleton      Necr           N/A          1%          1    None
s - Statue Form           Tmut/Erth      ######...    13%         6    ######.
R - Irradiate             Conj/Tmut      #####.....   24%         5    #####..


Dungeon Overview and Level Annotations

Branches:
Dungeon (15/15)              Lair (6/6) D:11         Shoals (0/4) Lair:4
 Spider (4/4) Lair:4        Slime (0/5) Lair:5          Orc (2/2) D:10
    Elf (0/3) Orc:2        Vaults (0/5) D:14         Depths (1/5) D:15
 Temple: D:4-7

Shops:
D:5 ?   D:9 %   D:11 ?   D:13 }   D:15 :[   Orc:1 }   Orc:2 =([[

Portals:
Hell: Depths:1

Annotations:
D:3 Ijyb
Lair:4 exclusion: death yak


Innate Abilities, Weirdness & Mutations

You have an increased reservoir of magic. (+10% MP)
Your flesh is cold resistant. (rC+)
You are robust. (+10% HP)


Message History

An orb of destruction comes into view.
There is a stone staircase leading up here.
The orb spider spins a strand of pure energy.
The orb of destruction hits you!
You climb upwards.
There is a stone staircase leading down here.
Search for what [Enter for "blink", or ? for help]? regen Wield which item (- for none, * to show all)? (? for menu, Esc to quit)
a - 10 bread rations (in hand)
You swing at nothing.
You swing at nothing.
You swing at nothing.
You swing at nothing.
You swing at nothing.
You swing at nothing.
You swing at nothing.
You swing at nothing.
You swing at nothing.
You swing at nothing.
You swing at nothing.
You swing at nothing.
You swing at nothing.
You swing at nothing.
You swing at nothing.
You swing at nothing.
You swing at nothing.
You swing at nothing.
You swing at nothing.
You swing at nothing.
You swing at nothing.
You swing at nothing.
You swing at nothing.
You swing at nothing.
You swing at nothing.
You swing at nothing.
You swing at nothing.
You swing at nothing.
You swing at nothing.
You swing at nothing.
Put on which piece of jewellery? (? for menu, Esc to quit)
You remove your amulet of rage.
You feel a craving for the dungeon's cuisine.
i - an amulet of the gourmand (around neck) Drop what? 49/52 slots (_ for help) (? for menu, Esc to quit)
You remove your amulet of the gourmand.
You drop an uncursed amulet of the gourmand.
Put on which piece of jewellery? (? for menu, Esc to quit)
S - an amulet of rage (around neck)
Okay, then.
You climb downwards.
There is a stone staircase leading up here.
Evoke which item? (* to show all) (? for menu, Esc to quit)
Aiming: Throw Flame (will waste charges)
Press: ? - help, Shift-Dir - straight line, f - orb spider
Aim: an orb spider (fully charged, clinging)
The puff of flame hits the orb spider.
The orb spider is lightly wounded.
Evoking this partially-identified wand wasted a few charges.
The orb spider weaves a glowing orb of energy.
An orb of destruction comes into view.
You climb upwards.
There is a stone staircase leading down here.
You see here an uncursed amulet of the gourmand.
You climb downwards.
The orb spider pulsates with a strange energy.
There is a stone staircase leading up here.
Evoke which item? (* to show all) (? for menu, Esc to quit)
Aiming: Throw Flame (will waste charges)
Press: ? - help, Shift-Dir - straight line, f - orb spider
Aim: an orb spider (lightly wounded, fully charged)
The puff of flame misses the orb spider.
Evoking this partially-identified wand wasted a few charges.
The orb spider weaves a glowing orb of energy.
An orb of destruction comes into view.
That item cannot be evoked!
Unknown command.
That item cannot be evoked!
There are no items here.
Unknown command.
Evoke which item? (* to show all) (? for menu, Esc to quit)
Aiming: Throw Flame (will waste charges)
Press: ? - help, Shift-Dir - straight line, f/p - orb spider
Aim: an orb spider (lightly wounded)
The puff of flame hits the orb spider.
The orb spider is moderately wounded.
Evoking this partially-identified wand wasted a few charges.
The orb of destruction hits you!
The orb spider spins a strand of pure energy.
There is a stone staircase leading up here.
The orb of destruction hits you!
* * * LOW HITPOINT WARNING * * *
The orb spider weaves a glowing orb of energy.
An orb of destruction comes into view.
There is a stone staircase leading up here.
The orb of destruction hits you!
* * * LOW HITPOINT WARNING * * *
You climb upwards.
There is a stone staircase leading down here.
You see here an uncursed amulet of the gourmand.
Are you sure you want to abandon this character and quit the game? (Confirm with "yes".)

..#..........#.#####
...........###.....##
...........##.......#
#..##.....##........#
.###..##.##.........#
......#..#..........#
...................##
........##.........#
.......#.##...^.@.##
....#####.##.....##
##### #####.### ###


There were no monsters in sight!

Vanquished Creatures
  Arachne (Spider:2)
  Jorgrun (Spider:2)
  Agnes (Spider:4)
  3 ghost moths
  An emperor scorpion (Spider:3)
  2 entropy weavers
  A minotaur (Lab)
  A fire dragon (Volcano)
  A vault guard (D:14)
  The ghost of Nattefrost the Cleaver, a journeyman DrBe of Trog (Orc:1)
  5 hydras
  Erolcha (Orc:1)
  2 two-headed ogres
  A catoblepas (Lair:5)
  2 centaur warriors
  A tengu warrior (D:14)
  3 orc high priests (Orc:2)
  Nergalle (Lair:2)
  2 wizards
  2 unseen horrors
  A lindwurm (Volcano)
  A necromancer (D:14)
  4 orc knights (Orc:2)
  4 orb spiders (Spider:4)
  8 deep elf magi
  26 wolf spiders
  4 orc sorcerers
  An ugly thing (D:12)
  5 cyclopes
  2 manticores
  A moth of wrath (Spider:4)
  An elephant (D:11)
  2 black mambas
  A molten gargoyle (Volcano)
  3 centaur skeletons
  A gargoyle (D:15)
  A yaktaur (D:15)
  11 spiny frogs
  A rime drake (Lair:3)
  5 komodo dragons
  A redback zombie (D:15)
  8 demonic crawlers
  22 jumping spiders
  5 polar bears
  11 trolls
  3 blink frogs (Lair:5)
  12 hornets
  8 slime creatures
  9 hippogriffs
  52 redbacks
  A spriggan (shapeshifter) (D:15)
  Sigmund (D:3)
  3 wyverns
  41 tarantellas
  A shadow (D:15)
  20 yaks
  Grum (Lair:1)
  3 basilisks
  16 humans (D:14)
  8 fire bats (Volcano)
  7 vampire mosquitoes
  A warg (Orc:1)
  2 hell hounds (Volcano)
  14 two-headed ogre zombies (Orc:1)
  A soldier ant (D:14)
  2 water moccasins
  7 porcupines
  A black bear (D:11)
  2 sky beasts
  25 orc warriors
  A hornet zombie (D:15)
  2 ice beasts
  12 ogres
  3 eyes of draining
  A phantom (D:14)
  14 wolves
  4 centaurs
  2 necrophages
  A wolf (shapeshifter) (D:14)
  8 crocodiles
  2 big kobolds
  11 bullfrogs
  Blork the orc (D:5)
  4 scorpions
  A water moccasin skeleton (D:5)
  4 killer bees
  An electric eel (Orc:2)
  5 howler monkeys
  A bullfrog zombie (D:13)
  4 crimson imps
  5 hounds
  A wyvern simulacrum (D:14)
  24 orc priests
  A jelly (D:8)
  29 orc wizards
  2 iguanas
  10 worker ants
  2 hound skeletons
  A howler monkey zombie (D:6)
  A worker ant zombie (D:5)
  3 gnolls (D:9)
  12 adders
  2 shadow imps
  3 oozes
  An adder skeleton (D:7)
  A worm (D:2)
  A dart slug (D:4)
  2 leopard geckos
  48 orcs
  4 ball pythons
  5 bats
  6 giant cockroaches
  6 hobgoblins
  8 jackals
  13 kobolds
  3 quokkas
  9 frilled lizards
  5 goblins
  A leopard gecko skeleton (D:7)
  2 quokka zombies
  2 rats
699 creatures vanquished.

Vanquished Creatures (collateral kills)
  A yaktaur captain (D:15)
  3 hydras
  A wizard (D:14)
  5 wolf spiders
  9 orb spiders
  An orc sorcerer (Orc:2)
  A molten gargoyle (Volcano)
  A centaur skeleton (D:15)
  3 spiny frogs
  2 rime drakes
  A demonic crawler (Spider:1)
  6 jumping spiders
  A troll (Orc:1)
  2 hornets
  2 hippogriffs
  A slime creature (D:12)
  A blink frog (Lair:5)
  3 yaks
  14 redbacks
  A basilisk (D:11)
  3 humans (D:14)
  5 tarantellas
  A hungry ghost (D:11)
  3 water moccasins
  2 orc warriors
  A porcupine (Lair:4)
  2 wolves
  4 crocodiles
  A bullfrog skeleton (D:5)
  2 orc wizards (Orc:1)
  2 adders
  4 orcs
  A jackal (D:5)
  A rat (D:3)
91 creatures vanquished.

Vanquished Creatures (others)
  An orb spider (Spider:2)
  A jumping spider (Spider:2)
  2 redbacks
  2 orcs
  9 fungi
  3 plants (Lair:4)
18 creatures vanquished.

Grand Total: 808 creatures vanquished

Notes
Turn   | Place    | Note
-------+----------+-------------------------------------------
     0 | D:1      | tidbits the Demigod Transmuter began the quest for the Orb.
     0 | D:1      | Reached XP level 1. HP: 15/15 MP: 5/5
    47 | D:1      | Reached skill level 2 in Transmutations
   129 | D:1      | Reached XP level 2. HP: 18/22 MP: 5/7
   137 | D:1      | Reached skill level 3 in Unarmed Combat
   141 | D:1      | Learned a level 2 spell: Sticks to Snakes
   312 | D:1      | Reached skill level 2 in Spellcasting
   414 | D:2      | Reached XP level 3. HP: 25/27 MP: 4/8
   419 | D:2      | Learned a level 3 spell: Spider Form
   606 | D:3      | Found an ornate altar of the Wu Jian Council.
   657 | D:3      | Noticed Sigmund
   658 | D:3      | Noticed Ijyb
   757 | D:2      | Reached skill level 3 in Transmutations
   811 | D:3      | Found an iron altar of Okawaru.
   872 | D:3      | Reached XP level 4. HP: 31/34 MP: 6/9
   881 | D:3      | Found a bloodstained altar of Trog.
   891 | D:3      | Reached skill level 4 in Unarmed Combat
   911 | D:3      | Killed Sigmund
   911 | D:3      | Reached skill level 5 in Unarmed Combat
   911 | D:3      | Reached skill level 4 in Transmutations
   911 | D:3      | Reached XP level 5. HP: 24/39 MP: 2/10
   991 | D:3      | Reached skill level 1 in Fighting
  1035 | D:3      | Reached XP level 6. HP: 47/47 MP: 7/11
  1047 | D:4      | Reached skill level 2 in Dodging
  1183 | D:5      | Entered Level 5 of the Dungeon
  1191 | D:5      | Noticed Blork the orc
  1398 | D:4      | Got a brightly glowing short sword
  1399 | D:4      | Identified the +7 short sword of Prudence {pierce, rF- Str+6 Int+5} (You found it on level 4 of the Dungeon)
  1536 | D:5      | Reached skill level 2 in Fighting
  1567 | D:5      | Reached skill level 3 in Dodging
  1614 | D:5      | Killed Blork the orc
  1614 | D:5      | Reached XP level 7. HP: 46/56 MP: 4/13
  1664 | D:5      | Found a blossoming altar of Fedhas.
  1670 | D:5      | Reached skill level 6 in Unarmed Combat
  1697 | D:5      | Found Kex Kog's Magic Scroll Boutique.
  1713 | D:5      | Reached skill level 3 in Fighting
  1727 | D:5      | Bought a scroll of teleportation for 33 gold pieces
  1727 | D:5      | Bought a scroll of identify for 22 gold pieces
  1728 | D:5      | Bought a scroll of identify for 22 gold pieces
  1874 | D:6      | Found a white marble altar of Elyvilon.
  1885 | D:6      | Found a radiant altar of Vehumet.
  1915 | D:7      | Reached skill level 4 in Dodging
  1994 | D:7      | Found a glowing silver altar of Zin.
  2068 | D:6      | Reached XP level 8. HP: 26/63 MP: 10/14
  2097 | D:6      | Found a shadowy altar of Dithmenos.
  2109 | D:6      | Reached skill level 7 in Unarmed Combat
  2236 | D:6      | Found a stormy altar of Qazlal.
  2289 | D:6      | Found a basalt altar of Yredelemnul.
  2346 | D:7      | Reached skill level 4 in Fighting
  2421 | D:8      | Noticed a hippogriff
  2428 | D:8      | Killed a hippogriff
  2428 | D:8      | Reached skill level 8 in Unarmed Combat
  2522 | D:8      | Reached skill level 5 in Dodging
  2523 | D:8      | Noticed a two-headed ogre
  2533 | D:8      | Killed a two-headed ogre
  2533 | D:8      | Reached skill level 5 in Fighting
  2533 | D:8      | Reached XP level 9. HP: 50/74 MP: 10/15
  2654 | D:7      | Reached skill level 9 in Unarmed Combat
  2794 | D:8      | Gained mutation: Your flesh is cold resistant. (rC+) [potion of mutation]
  2794 | D:8      | Gained mutation: You are robust. (+10% HP) [potion of mutation]
  3049 | D:10     | Entered Level 10 of the Dungeon
  3102 | D:9      | Reached skill level 6 in Dodging
  3134 | D:9      | Noticed an unseen horror
  3148 | D:9      | Killed an unseen horror
  3270 | D:9      | Learned a level 1 spell: Animate Skeleton
  3341 | D:9      | Found a sparkling altar of Nemelex Xobeh.
  3451 | D:9      | Reached skill level 1 in Necromancy
  3500 | D:9      | Found Niudiut's Food Boutique.
  3623 | D:9      | Reached skill level 2 in Necromancy
  3750 | D:8      | Reached skill level 3 in Necromancy
  4020 | D:10     | Reached XP level 10. HP: 91/91 MP: 12/16
  4242 | D:10     | Found a staircase to the Orcish Mines.
  4274 | D:10     | Found a roughly hewn altar of Beogh.
  4305 | Orc:1    | Entered Level 1 of the Orcish Mines
  4325 | D:10     | Learned a level 1 spell: Apportation
  4392 | Orc:1    | Noticed Nattefrost's ghost (journeyman DrBe)
  4574 | D:11     | Reached skill level 5 in Transmutations
  4575 | D:11     | Noticed an elephant
  4585 | D:10     | Reached skill level 10 in Unarmed Combat
  4728 | D:11     | Killed an elephant
  4728 | D:11     | Reached skill level 3 in Spellcasting
  4905 | D:11     | Reached skill level 6 in Transmutations
  5193 | D:11     | Noticed a manticore
  5204 | D:11     | Killed a manticore
  5232 | D:11     | Found a staircase to the Lair.
  5254 | Lair:1   | Entered Level 1 of the Lair of Beasts
  5363 | Lair:1   | Reached skill level 4 in Spellcasting
  5505 | Lair:1   | Noticed Grum
  5540 | Lair:1   | Found a dark tunnel.
  5545 | Volcano  | Entered a volcano
  5562 | Volcano  | Learned a level 5 spell: Blade Hands
  5594 | Volcano  | Found a burning altar of Makhleb.
  5594 | Volcano  | Noticed a lindwurm
  5597 | Volcano  | Reached skill level 7 in Transmutations
  5605 | Volcano  | Reached XP level 11. HP: 50/97 MP: 17/20
  5612 | Volcano  | Killed a lindwurm
  5771 | Volcano  | Noticed a fire dragon
  5801 | Volcano  | Killed a fire dragon
  5801 | Volcano  | Reached skill level 8 in Transmutations
  5962 | Lair:2   | Noticed Nergalle
  5973 | Lair:2   | Reached skill level 11 in Unarmed Combat
  5986 | Lair:2   | Killed Nergalle
  6115 | Lair:2   | Found a labyrinth entrance.
  6134 | Lab      | Entered a labyrinth
  6340 | Lab      | Noticed a minotaur
  6345 | Lab      | Killed a minotaur
  6345 | Lab      | Reached skill level 9 in Transmutations
  6347 | Lab      | Got a scorched battleaxe {flame}
  6353 | Lab      | Got an ancient bronze ring
  6355 | Lab      | Identified the ring of the Hippo {Ice rN++ Dex+3} (You found it in a labyrinth)
  6360 | Lab      | Identified the +6 battleaxe of the Apocalypse {flame, rN+ Int+3 Dex+2} (You took it off a minotaur in a labyrinth)
  6448 | Lair:2   | Noticed a six-headed hydra
  6519 | Lair:2   | Learned a level 4 spell: Ice Form
  6689 | Lair:4   | Noticed an eight-headed hydra
  6703 | Lair:3   | Noticed a six-headed hydra
  6711 | Lair:3   | Killed a six-headed hydra
  6772 | Lair:3   | Reached skill level 6 in Fighting
  6868 | Lair:4   | Noticed an eight-headed hydra
  6889 | Lair:3   | Killed an eight-headed hydra
  6946 | Lair:3   | Noticed a five-headed hydra
  6960 | Lair:3   | Killed a five-headed hydra
  7230 | Lair:4   | Reached skill level 12 in Unarmed Combat
  7230 | Lair:4   | Reached XP level 12. HP: 106/106 MP: 10/21
  7245 | Lair:4   | Noticed a six-headed hydra
  7252 | Lair:4   | Killed a six-headed hydra
  7350 | Lair:5   | Found a staircase to the Slime Pits.
  7418 | Lair:5   | Reached skill level 7 in Dodging
  7435 | Lair:5   | Reached skill level 7 in Fighting
  7632 | Lair:5   | Noticed a catoblepas
  7652 | Lair:5   | Killed a catoblepas
  7814 | Lair:5   | Reached skill level 13 in Unarmed Combat
  7906 | Lair:6   | Entered Level 6 of the Lair of Beasts
  7906 | Lair:6   | Noticed a four-headed hydra
  7960 | Lair:6   | Reached skill level 8 in Fighting
  7960 | Lair:6   | Reached skill level 8 in Dodging
  8126 | Lair:4   | Killed an eight-headed hydra
  8261 | Lair:4   | Found a hole to the Spider Nest.
  8355 | Lair:4   | Found a staircase to the Shoals.
  8417 | Lair:4   | Noticed a seven-headed hydra
  8434 | Lair:4   | Killed a seven-headed hydra
  8680 | Lair:1   | Killed Grum
  8684 | Lair:1   | Reached skill level 1 in Shields
  8900 | Orc:1    | Killed Nattefrost's ghost
  8900 | Orc:1    | Reached skill level 2 in Shields
  8900 | Orc:1    | Reached XP level 13. HP: 118/118 MP: 13/23
  8977 | Orc:2    | Entered Level 2 of the Orcish Mines
  9006 | Orc:2    | Reached skill level 3 in Shields
  9117 | Orc:2    | Reached skill level 4 in Shields
  9163 | Orc:2    | Found a staircase to the Elven Halls.
  9190 | Orc:2    | Reached skill level 9 in Dodging
  9217 | Orc:2    | Reached skill level 9 in Fighting
  9272 | Orc:1    | Found Zophusel's Gadget Emporium.
  9557 | Orc:1    | Noticed Erolcha
  9573 | Orc:1    | Killed Erolcha
  9935 | Orc:2    | Reached skill level 10 in Dodging
  9963 | Orc:2    | Reached skill level 10 in Fighting
 10183 | Orc:2    | Found Saptetag's Weapon Emporium.
 10183 | Orc:2    | Found Gival's Jewellery Emporium.
 10184 | Orc:2    | Found Myxuebbe's Antique Armour Boutique.
 10189 | Orc:2    | Found Murrit Xenye's Antique Armour Boutique.
 10213 | Orc:2    | Bought a pair of boots for 94 gold pieces
 10213 | Orc:2    | Bought a bloodstained leather armour for 147 gold pieces
 10223 | Orc:2    | Identified the +3 leather armour of Sugg {+Blink} (You bought it in a shop on level 2 of the Orcish Mines)
 10260 | Orc:2    | Bought an uncursed amulet of rage for 560 gold pieces
 10260 | Orc:2    | Bought a cursed +3 ring of evasion for 252 gold pieces
 10536 | D:12     | Reached skill level 1 in Evocations
 10656 | D:12     | Reached skill level 2 in Evocations
 10789 | D:12     | Reached skill level 3 in Evocations
 10984 | D:13     | Reached skill level 4 in Evocations
 11150 | D:14     | Reached skill level 5 in Evocations
 11221 | D:15     | Entered Level 15 of the Dungeon
 11305 | D:15     | Reached XP level 14. HP: 134/134 MP: 17/24
 11410 | D:15     | Reached skill level 5 in Spellcasting
 11525 | D:15     | Found a staircase to the Depths.
 11538 | Depths:1 | Entered Level 1 of the Depths
 11543 | Depths:1 | Found a gateway to Hell.
 11635 | D:15     | Reached skill level 6 in Spellcasting
 11647 | D:15     | Found Ruchi's Book Shop.
 11670 | D:15     | Bought a book of Transfigurations for 715 gold pieces
 11677 | D:15     | Learned a level 6 spell: Statue Form
 11716 | D:15     | Found Ceskeun's Antique Armour Emporium.
 11785 | D:14     | Reached skill level 1 in Earth Magic
 11843 | D:14     | Reached skill level 2 in Earth Magic
 11902 | D:14     | Reached skill level 3 in Earth Magic
 11943 | D:14     | Reached skill level 4 in Earth Magic
 11988 | D:14     | Found a gate to the Vaults.
 12086 | D:14     | Reached skill level 5 in Earth Magic
 12255 | D:13     | Found Vaugisid's Quality Used Wands.
 12559 | D:11     | Found Goagosut's Magic Scroll Shop.
 12562 | D:11     | Bought a scroll of fear for 38 gold pieces
 12562 | D:11     | Bought a scroll of summoning for 104 gold pieces
 12562 | D:11     | Bought a scroll of fog for 22 gold pieces
 12562 | D:11     | Bought a scroll of identify for 22 gold pieces
 12562 | D:11     | Bought a scroll of identify for 22 gold pieces
 12562 | D:11     | Bought a scroll of teleportation for 33 gold pieces
 12562 | D:11     | Bought a scroll of teleportation for 33 gold pieces
 12643 | Lair:1   | Learned a level 5 spell: Irradiate
 12696 | Spider:1 | Entered Level 1 of the Spider Nest
 12721 | Spider:1 | Reached skill level 6 in Earth Magic
 12923 | Spider:2 | Noticed a ghost moth
 12929 | Spider:1 | Killed a ghost moth
 12929 | Spider:1 | Reached skill level 7 in Earth Magic
 13225 | Spider:2 | Reached skill level 8 in Earth Magic
 13245 | Spider:2 | Noticed Jorgrun
 13505 | Spider:2 | Noticed Arachne
 13542 | Spider:2 | Killed Jorgrun
 13542 | Spider:2 | Reached skill level 9 in Earth Magic
 13559 | Spider:2 | Killed Arachne
 13674 | Spider:2 | Reached skill level 10 in Transmutations
 13728 | Spider:2 | Reached XP level 15. HP: 140/140 MP: 20/28
 13767 | Spider:2 | Reached skill level 1 in Stealth
 13797 | Spider:3 | Reached skill level 2 in Stealth
 13860 | Spider:4 | Entered Level 4 of the Spider Nest
 13866 | Spider:3 | Reached skill level 3 in Stealth
 14071 | Spider:3 | Reached skill level 4 in Stealth
 14071 | Spider:3 | Reached skill level 10 in Earth Magic
 14383 | Spider:3 | Reached skill level 5 in Stealth
 14635 | Spider:4 | Reached skill level 6 in Stealth
 14740 | Spider:4 | Reached skill level 7 in Stealth
 14874 | Spider:4 | Reached skill level 11 in Transmutations
 14905 | Spider:4 | Reached skill level 8 in Stealth
 15075 | Spider:4 | Noticed Agnes
 15126 | Spider:4 | Killed Agnes
 15200 | Spider:4 | Reached skill level 9 in Stealth
 15358 | Spider:3 | Reached skill level 11 in Earth Magic
 15534 | Spider:3 | Quit the game

Vault maps used:
D:1:      dpeg_arrival_fog, minivault_27, minmay_bisected
D:2:      minmay_misc_feat_pillars, uniq_robin
D:3:      lemuel_doored_altar, okawaru_ov_weapons_minmay, bloody_trog,
          uniq_sigmund, uniq_ijyb
D:4:      tso_altar, minmay_misc_feat_secret_circle
D:5:      old_standard_altar, lemuel_crystal_altar, fedhas_altar_1,
          minmay_temple_entry_glassed_door, first_bread, serial_shops,
          nicolae_shop_stone, hangedman_decor_peaks_small, uniq_blork_the_orc
D:6:      nicolae_qazlal_style_of_elements, nicolae_overflow_quartered_altars,
          minmay_holes, nicolae_dithmenos_shadow_blocks
D:7:      basic_altar
D:9:      lemuel_round_altar, serial_shops, shop, blue_anna_alchemist
D:10:     minmay_orc_entry_temple_small
D:11:     david_lair_generic, serial_shops, kennysheep_mini_moat
D:12:     portal_ice_cave_entry_pillars_1
D:13:     minmay_item_behind_shaft, nicolae_for_you_no_charge
D:14:     lemuel_ice_statue, grunt_vaults_entry_tiered, serial_corexii_hall,
          corexii_hall_statues_i, corexii_hall_statues_l, uniq_snorg,
          uniq_roxanne
D:15:     grunt_enter_depths_snipers, hangedman_decor_diamond_cutter,
          serial_shops, shop, nicolae_shop_behind_doors, shop
Lair:1:   enter_volcano_4, uniq_grum
Lair:2:   lab_entry_generic, lemuel_fruit_fields, uniq_nergalle
Lair:4:   minmay_shoals_entry_centaurs, spider_nest_entry_funnel_web,
          beast_lair_carwin_9
Lair:5:   slime_dummy, beast_lair_carwin_5
Lair:6:   guppyfry_lair_end_dragon, wormcave, minivault_23, grunt_megastairs_3
Spider:1: spiders_nest_scorpion_pit, spider_trap
Spider:2: nicolae_spider_mines_2, uniq_arachne, uniq_jorgrun
Spider:3: guppyfry_hornet_nest
Spider:4: grunt_spider_rune_parallel, nicolae_arachne_temple, uniq_agnes
Orc:1:    lemuel_ogre_cave, serial_shops, nicolae_shop_waterfront
Orc:2:    st_orc_elflike, elves_outpost_lemuel
Depths:1: enter_ziggurat_d, pan_entry, abyss_entry, hell_entry,
          minmay_misc_feat_columns, hangedman_decor_slide_cut, nooodl_orcs_dogs
Lab:      labyrinth_spiral, labyrinth_skeletal_remains, labyrinth_lava_lair,
          nicolae_lab_arrow, nicolae_lab_quarters
Volcano:  volcano_lake

Skill      XL: |  1  2  3  4  5  6  7  8  9 10 11 12 13 14 15 |
---------------+----------------------------------------------+-----
Transmutations | 2 3 4 7 9 10 11 | 11.5
Unarmed Combat | 3 5 6 8 9 10 12 13 | 13.0
Spellcasting   | 2 4 6 |  6.3
Fighting       | 1 2 3 5 6 8 10 | 10.4
Dodging        | 3 4 5 6 8 10 | 10.4
Necromancy     | 3 |  3.8
Shields        | 2 4 |  4.0
Evocations     | 5 |  5.0
Earth Magic    | 9 11 | 11.1
Stealth        | 9 |  9.8

Action                   |  1- 3 |  4- 6 |  7- 9 | 10-12 | 13-15 || total
-------------------------+-------+-------+-------+-------+-------++-------
Melee: Unarmed           |    93 |    83 |   238 |   514 |  1172 ||  2100
       Headbutt          |     6 |     5 |       |       |       ||    11
       Kick              |     8 |       |       |       |       ||     8
       Short sword       |       |     7 |     6 |    13 |    12 ||    38
       Punch             |       |     1 |     1 |    15 |    43 ||    60
       Scythe            |       |       |       |     6 |    17 ||    23
Throw: Javelin           |    19 |       |     1 |     1 |       ||    21
       Tomahawk          |       |       |       |       |     2 ||     2
 Cast: Beastly Appendage |    17 |     4 |       |       |       ||    21
       Sticks to Snakes  |     3 |     7 |    19 |    59 |    62 ||   150
       Spider Form       |     5 |    13 |    41 |    36 |       ||    95
       Animate Skeleton  |       |       |       |    46 |    40 ||    86
       Blade Hands       |       |       |       |    34 |    66 ||   100
       Ice Form          |       |       |       |     3 |       ||     3
       Statue Form       |       |       |       |       |    36 ||    36
       Irradiate         |       |       |       |       |     1 ||     1
 Abil: End Transformatio |       |       |     2 |    21 |    21 ||    44
       Evoke Berserk Rag |       |       |       |       |     6 ||     6
Evoke: Wand              |       |       |       |    22 |    31 ||    53
       Lamp of fire      |       |       |       |     1 |       ||     1
  Use: Potion            |       |     3 |     6 |    11 |    13 ||    33
       Scroll            |       |       |    12 |    22 |    18 ||    52
 Stab: Sleeping          |     1 |     2 |     2 |       |     2 ||     7
       Distracted        |       |       |     2 |    10 |     9 ||    21
       Invisible         |       |       |     2 |     2 |       ||     4
       Petrified         |       |       |       |     3 |       ||     3
  Eat: Chunk             |       |     6 |    16 |    26 |    46 ||    94
       Fruit             |       |       |       |     2 |     4 ||     6
       Meat ration       |       |       |       |     2 |     2 ||     4
       Bread ration      |       |       |       |       |     3 ||     3
Armor: Robe              |    16 |     5 |     2 |       |       ||    23
       Skin              |       |     3 |     7 |    21 |   525 ||   556
       Troll leather arm |       |       |     1 |    45 |   114 ||   160
Dodge: Dodged            |    56 |    69 |   235 |   471 |  1709 ||  2540
Block: Buckler           |       |       |       |       |   329 ||   329

Table legend:
 A = Spawn XP
 B = Non-spawn XP
 C = Spawn XP percentage of total XP
 D = Spawn monster count
 E = Non-spawn monster count
 F = Spawn count percentage of total count
 G = Total turns spent on level
                    A         B        C        D         E        F      G
               +---------+---------+-------+---------+---------+-------+---------
         Total |       0 |  171881 |   0.0 |       0 |     793 |   0.0 | 15534
               +---------+---------+-------+---------+---------+-------+---------
           D:1 |       0 |      38 |   0.0 |       0 |      20 |   0.0 |   365
           D:2 |       0 |      38 |   0.0 |       0 |      14 |   0.0 |   365
           D:3 |       0 |     412 |   0.0 |       0 |      17 |   0.0 |   325
           D:4 |       0 |     152 |   0.0 |       0 |      15 |   0.0 |   433
           D:5 |       0 |     772 |   0.0 |       0 |      14 |   0.0 |   312
           D:6 |       0 |     494 |   0.0 |       0 |      15 |   0.0 |   373
           D:7 |       0 |    1376 |   0.0 |       0 |      26 |   0.0 |   641
           D:8 |       0 |    1554 |   0.0 |       0 |      14 |   0.0 |   387
           D:9 |       0 |    1697 |   0.0 |       0 |      17 |   0.0 |   713
          D:10 |       0 |    1641 |   0.0 |       0 |      28 |   0.0 |   856
          D:11 |       0 |    2426 |   0.0 |       0 |      20 |   0.0 |   726
          D:12 |       0 |    4987 |   0.0 |       0 |      25 |   0.0 |   540
          D:13 |       0 |    4812 |   0.0 |       0 |      22 |   0.0 |   375
          D:14 |       0 |   10996 |   0.0 |       0 |      49 |   0.0 |   546
          D:15 |       0 |    8715 |   0.0 |       0 |      21 |   0.0 |   531
        Lair:1 |       0 |    2074 |   0.0 |       0 |      13 |   0.0 |   579
        Lair:2 |       0 |    2550 |   0.0 |       0 |      12 |   0.0 |   460
        Lair:3 |       0 |    5885 |   0.0 |       0 |      18 |   0.0 |   647
        Lair:4 |       0 |    6969 |   0.0 |       0 |      30 |   0.0 |   663
        Lair:5 |       0 |   10966 |   0.0 |       0 |      46 |   0.0 |   671
        Lair:6 |       0 |    1109 |   0.0 |       0 |       3 |   0.0 |    45
      Spider:1 |       0 |    9082 |   0.0 |       0 |      28 |   0.0 |   601
      Spider:2 |       0 |   19229 |   0.0 |       0 |      45 |   0.0 |   420
      Spider:3 |       0 |   12285 |   0.0 |       0 |      41 |   0.0 |   846
      Spider:4 |       0 |   34256 |   0.0 |       0 |      98 |   0.0 |   894
         Orc:1 |       0 |    6691 |   0.0 |       0 |      41 |   0.0 |   541
         Orc:2 |       0 |   15367 |   0.0 |       0 |      86 |   0.0 |  1021
           Lab |       0 |    1124 |   0.0 |       0 |       1 |   0.0 |   251
       Volcano |       0 |    4184 |   0.0 |       0 |      14 |   0.0 |   396
               +---------+---------+-------+---------+---------+-------+---------

Table legend:
 A = Turns spent in this place as a percentage of turns spent in the entire game.
 B = Non-inter-level travel turns spent in this place as a percentage of non-inter-level travel turns spent in the entire game.
 C = Inter-level travel turns spent in this place as a percentage of turns spent in this place.
 D = Turns resting spent in this place as a percentage of non-inter-level travel turns spent in this place.
 E = Turns spent auto-exploring this place as a percentage of non-inter-level travel turns spent in this place.
 F = Non-inter-level travel turns spent in this place divided by the number of levels of this place that you've seen.
                   A       B       C       D       E      F
               +-------+-------+-------+-------+-------+----------------------
         Total | 100.0 | 100.0 |   3.4 |   0.1 |   0.0 | 500.2
       Dungeon |  48.2 |  48.1 |   3.6 |   0.1 |   0.0 | 481.5
          Lair |  19.7 |  19.2 |   6.2 |   0.0 |   0.0 | 479.0
   Spider Nest |  17.8 |  18.4 |   0.0 |   0.0 |   0.0 | 690.2
  Orcish Mines |  10.1 |   9.9 |   4.5 |   0.0 |   0.0 | 745.5
        Depths |   0.1 |   0.1 |   0.0 |   0.0 |   0.0 |  11.0
     Labyrinth |   1.6 |   1.7 |   0.0 |   0.0 |   0.0 | 251.0
       Volcano |   2.5 |   2.6 |   0.0 |   0.0 |   0.0 | 396.0
               +-------+-------+-------+-------+-------+----------------------

Table legend:
 A = Kills in this place as a percentage of kills in entire the game.
 B = Kills by you in this place as a percentage of kills by you in the entire game.
 C = Kills by friends in this place as a percentage of kills by friends in the entire game.
 D = Other kills in this place as a percentage of other kills in the entire game.
 E = Experience gained in this place as a percentage of experience gained in the entire game.
 F = Experience gained in this place divided by the number of levels of this place that you have seen.
                   A       B       C       D       E      F
               +-------+-------+-------+-------+-------+----------------------
         Total | 100.0 | 100.0 | 100.0 | 100.0 | 100.0 | 5729.4
       Dungeon |  40.0 |  42.5 |  22.0 |   0.0 |  23.3 | 2674.0
          Lair |  15.4 |  14.0 |  26.4 |   0.0 |  17.2 | 4925.5
   Spider Nest |  26.7 |  24.2 |  45.1 |  66.7 |  43.5 | 18713.0
  Orcish Mines |  16.0 |  17.3 |   5.5 |  33.3 |  12.8 | 11029.0
     Labyrinth |   0.1 |   0.1 |   0.0 |   0.0 |   0.7 | 1124.0
       Volcano |   1.8 |   1.9 |   1.1 |   0.0 |   2.4 | 4184.0
               +-------+-------+-------+-------+-------+----------------------

Vault maps used:
D:1:      dpeg_arrival_fog, minivault_27, minmay_bisected
D:2:      minmay_misc_feat_pillars, uniq_robin
D:3:      lemuel_doored_altar, okawaru_ov_weapons_minmay, bloody_trog,
          uniq_sigmund, uniq_ijyb
D:4:      tso_altar, minmay_misc_feat_secret_circle
D:5:      old_standard_altar, lemuel_crystal_altar, fedhas_altar_1,
          minmay_temple_entry_glassed_door, first_bread, serial_shops,
          nicolae_shop_stone, hangedman_decor_peaks_small, uniq_blork_the_orc
D:6:      nicolae_qazlal_style_of_elements, nicolae_overflow_quartered_altars,
          minmay_holes, nicolae_dithmenos_shadow_blocks
D:7:      basic_altar
D:9:      lemuel_round_altar, serial_shops, shop, blue_anna_alchemist
D:10:     minmay_orc_entry_temple_small
D:11:     david_lair_generic, serial_shops, kennysheep_mini_moat
D:12:     portal_ice_cave_entry_pillars_1
D:13:     minmay_item_behind_shaft, nicolae_for_you_no_charge
D:14:     lemuel_ice_statue, grunt_vaults_entry_tiered, serial_corexii_hall,
          corexii_hall_statues_i, corexii_hall_statues_l, uniq_snorg,
          uniq_roxanne
D:15:     grunt_enter_depths_snipers, hangedman_decor_diamond_cutter,
          serial_shops, shop, nicolae_shop_behind_doors, shop
Lair:1:   enter_volcano_4, uniq_grum
Lair:2:   lab_entry_generic, lemuel_fruit_fields, uniq_nergalle
Lair:4:   minmay_shoals_entry_centaurs, spider_nest_entry_funnel_web,
          beast_lair_carwin_9
Lair:5:   slime_dummy, beast_lair_carwin_5
Lair:6:   guppyfry_lair_end_dragon, wormcave, minivault_23, grunt_megastairs_3
Spider:1: spiders_nest_scorpion_pit, spider_trap
Spider:2: nicolae_spider_mines_2, uniq_arachne, uniq_jorgrun
Spider:3: guppyfry_hornet_nest
Spider:4: grunt_spider_rune_parallel, nicolae_arachne_temple, uniq_agnes
Orc:1:    lemuel_ogre_cave, serial_shops, nicolae_shop_waterfront
Orc:2:    st_orc_elflike, elves_outpost_lemuel
Depths:1: enter_ziggurat_d, pan_entry, abyss_entry, hell_entry,
          minmay_misc_feat_columns, hangedman_decor_slide_cut, nooodl_orcs_dogs
Lab:      labyrinth_spiral, labyrinth_skeletal_remains, labyrinth_lava_lair,
          nicolae_lab_arrow, nicolae_lab_quarters
Volcano:  volcano_lake
